Unix NetHack Version 3.7.0-80 Work-in-progress - last build Mar 20 2023 14:09:10 (4d3a4a9e917c0f86d3594936c235e576342b1c4a,branch:master). Game began 2023-03-27 20:36:17, ended 2023-03-27 20:45:33. 9629, neutral male human Wizard ----- ##h@ ---------...--------- # # -.......<.....(.)).).)%#### #######0 | ----------..-------.- -..| -- --).--- |.. ....- -.........| --- ....... |.................- .......... --...........%.....- |............. |...--.............. --............. -- --..............- -.............. ----.|.---......- ................ ----- ...........>............- --....................-#- ...---............-- # ...| |............| .. .- -............. -- -. .............. - .---.......... .. ------.--.- --- -- -- 9629 the Conjurer St:11 Dx:15 Co:13 In:18 Wi:11 Ch:8 Neutral Dlvl:4 $:122 HP:0(36) Pw:25(36) AC:9 Xp:4/148 T:1080 Latest messages: B - a dagger. What do you want to throw? In what direction? The dagger hits the dwarf. What do you want to throw? You only have 2 and can only throw one at a time. In what direction? The dagger misses the dwarf. In what direction? The dagger hits the dwarf. In what direction? The spell hits the dwarf! You kill the dwarf! The kitten drops a crude dagger. The gnome picks up a thonged club. z - a dagger (at the ready). C - a dagger. You hit the gnome. The gnome wields a thonged club! You miss the gnome. You miss the gnome. You kill the gnome! You see here a thonged club. There are several objects here. You hear some noises in the distance. $ - 91 gold pieces (122 in total). z - a dagger (at the ready) (2 in total). There is a dwarf corpse here; eat it? [ynq] (n) This dwarf corpse is stringy. The hobbit picks up a crossbow. You stop eating the dwarf corpse. The hobbit picks up 3 crossbow bolts. z - a dagger (at the ready) (3 in total). C - a dagger (2 in total). The hobbit picks up 2 gems. The hobbit picks up a poisoned dart. The hobbit picks up a crude dagger. You hear an E flat squeak in the distance. The flagon crashes on your head and breaks into shards. The brown potion evaporates. You feel somewhat dizzy. You feel less confused now. The hobbit thrusts his runed dagger. The hobbit hits! You stop. Your kitten is in the way! The hobbit thrusts his runed dagger. The hobbit hits! You die... Do you want your possessions identified? [ynq] (y) Do you want to see your attributes? [ynq] (y) Inventory: Coins $ - 122 gold pieces Weapons z - 3 +0 daggers (at the ready) C - 2 cursed +0 daggers x - a +0 long sword (weapon in hand) Armor t - an uncursed +0 cloak of invisibility b - an uncursed +0 cloak of magic resistance (being worn) Comestibles n - an uncursed slime mold p - 3 uncursed lichen corpses Scrolls j - an uncursed scroll of destroy armor i - a blessed scroll of identify u - an uncursed scroll of identify k - an uncursed scroll of magic mapping Spellbooks m - an uncursed spellbook of confuse monster l - a blessed spellbook of force bolt Potions f - an uncursed potion of booze g - a blessed potion of extra healing r - an uncursed potion of fruit juice h - an uncursed potion of healing q - 2 uncursed potions of healing v - an uncursed potion of water Rings d - an uncursed ring of conflict e - an uncursed ring of polymorph Wands o - a wand of striking (0:3) c - a wand of undead turning (0:6) Gems/Stones A - an uncursed luckstone 9629 the Wizard's attributes: Background: You were a Conjurer, a level 4 male human Wizard. You were neutral, nominally on a mission for Thoth who was opposed by Ptah (lawful) and Anhur (chaotic). You were in the Gnomish Mines, on level 4. You entered the dungeon 1080 turns ago. You had 148 experience points, 12 more were needed to attain level 5. Basics: You had 0 out of 36 hit points. You had 25 out of 36 energy points (spell power). Your armor class was 9. Your wallet contained 122 zorkmids. Autopickup was off. Final Characteristics: Your strength was 11 (limit:18/100). Your dexterity was 15 (limit:18). Your constitution was 13 (limit:18). Your intelligence was 18 (limit:18). Your wisdom was 11 (limit:18). Your charisma was 8 (limit:18). Final Status: You were not hungry. You were unencumbered. You were wielding a long sword. You had no skill with long sword. Final Attributes: You were devoutly aligned. You were magic-protected. You were warded. You were lucky. You had extra luck. Bad luck did not time out for you. Good luck did not time out for you. You are dead. Miscellaneous: You encountered 1 bones level. Total elapsed playing time was 9 minutes and 14 seconds. Major events: Turn 1: 9629 the neutral male human Wizard entered the dungeon 700: attained the rank of Conjurer (level 3) 962: entered the Gnomish Mines 1080: killed by a hobbit Vanquished creatures: a gnome ruler a gnome leader 2 dwarves a werejackal a coyote a manes a large kobold a brown mold a red mold 7 gnomes 4 jackals a fox a kobold 2 goblins 2 sewer rats 2 grid bugs 5 lichens a kobold zombie 3 newts 38 creatures vanquished. No species were genocided or became extinct. Voluntary challenges: You were an atheist. You were illiterate. You never engraved Elbereth. You never genocided any monsters. You never polymorphed an object. You never changed form. You used no wishes. Achievements: You attained the rank of Conjurer. You entered the Gnomish Mines. The Dungeons of Doom: levels 1 to 4 Level 1: A fountain. Level 2: Some fountains. Level 3: Stairs down to The Gnomish Mines. Level 4: Final resting place for secra-Wiz-Elf-Mal-Law, killed by a manes. The Gnomish Mines: Level 4: <- You were here. Final resting place for you, killed by a hobbit. Game over: ---------- / \ / REST \ / IN \ / PEACE \ / \ | 9629 | | 122 Au | | killed by a | | hobbit | | | | | | 2023 | *| * * * | * _________)/\\_//(\/(/\)/\//\/|_)_______ Goodbye 9629 the Wizard... You died in The Gnomish Mines on dungeon level 4 with 852 points, and 122 pieces of gold, after 1080 moves. You were level 4 with a maximum of 36 hit points when you died.